 Dungeon Crawl Stone Soup version 0.29.1-1-gd02db6906a (webtiles) character file.

Game seed: 6364267556802800956

188080 jamesp the Warrior (level 18, -2/124 HPs)
             Began as a Gargoyle Fighter on Sept 21, 2022.
             Was the Champion of Makhleb.
             Hit by a silver javelin thrown by a merfolk javelineer (3 damage)
             ... on level 4 of the Shoals.
             The game lasted 02:03:52 (35114 turns).

jamesp the Warrior (Gargoyle Fighter)              Turns: 35114, Time: 02:03:53

Health: -2/124     AC: 34    Str: 26    XL:     18   Next: 8%
Magic:  30/30      EV: 11    Int:  7    God:    Makhleb [******]
Gold:   2476       SH: 32    Dex: 13    Spells: 26/27 levels left

rFire   . . .      SeeInvis +   W - +8 whip "Snakebite" {venom, curare, rPois}
rCold   + . .      Faith    .   G - +10 tower shield of Ignorance {rN+ Int-4}
rNeg    + + +      Spirit   .   F - quicksilver dragon scales
rPois   ∞          Reflect  +   o - +2 helmet {SInv}
rElec   +          Harm     .   L - scarf {repulsion}
rCorr   .          Rampage  .   y - +1 pair of gloves {infuse}
Will    ++...                   D - +0 pair of boots
Stlth   +.........              h - amulet "Jyfukom" {Reflect Str+4 SH+5 SInv}
HPRegen 0.30/turn               v - ring of protection from cold
MPRegen 0.22/turn               c - ring of positive energy

@: flying, repel missiles
A: sickness immunity, AC +13, big wings, negative energy resistance 1,
electricity resistance, torment resistance 1, petrification resistance
}: 1/15 runes: serpentine
a: Renounce Religion, Minor Destruction, Lesser Servant of Makhleb, Major
Destruction, Greater Servant of Makhleb


You were on level 4 of the Shoals.
You worshipped Makhleb.
Makhleb was exalted by your worship.
You visited 6 branches of the dungeon, and saw 27 of its levels.
You also visited: Sewer and Ossuary.

You collected 2648 gold pieces.
You spent 172 gold pieces at shops.

Inventory:

Hand Weapons
 d - a +0 battleaxe of flaming
 W - the +8 whip "Snakebite" (weapon) {venom, curare, rPois}
   (You found it on level 10 of the Dungeon)

   It poisons the flesh of those it strikes.
   It occasionally inflicts asphyxiating poison on those it strikes, dealing
   poison damage and causing slowness.
   rPois:     It protects you from poison.
Missiles
 f - 48 poisoned darts
 j - 175 stones
 m - 32 boomerangs (quivered)
 x - 4 curare-tipped darts
 O - 6 throwing nets
 V - 10 javelins
 X - 3 boomerangs of dispersal
Armour
 o - a +2 helmet of see invisible (worn)
 y - a +1 pair of gloves of infusion (worn)
 D - a +0 pair of boots (worn)
 F - quicksilver dragon scales (worn)
 G - the +10 tower shield of Ignorance (worn) {rN+ Int-4}
   (You acquired it on level 1 of the Lair of Beasts)

   Int:       It affects your intelligence (-4).
   rN:        It protects you from negative energy.
 L - a scarf of repulsion (worn)
Jewellery
 c - a ring of positive energy (right hand)
 h - the amulet "Jyfukom" (around neck) {Reflect Str+4 SH+5 SInv}
   (You found it on level 4 of the Shoals)

   [amulet of reflection]

   It reflects blocked missile attacks.
   Str:       It affects your strength (+4).
   SInv:      It lets you see invisible.
   SH:        It affects your SH (+5).
 n - a ring of ice
 q - a ring of protection from fire
 v - a ring of protection from cold (left hand)
 J - a ring of ice
 S - an amulet of regeneration
Wands
 a - a wand of polymorph (11)
 r - a wand of paralysis (12)
 w - a wand of mindburst (2)
 A - a wand of quicksilver (8)
 E - a wand of roots (5)
 P - a wand of digging (6)
Scrolls
 e - a scroll of silence
 g - a scroll of blinking
 k - 5 scrolls of teleportation
 t - 3 scrolls of magic mapping
 u - 2 scrolls of butterflies
 B - 2 scrolls of fear
 H - 2 scrolls of amnesia
 K - 2 scrolls of summoning
 Q - 7 scrolls of poison
Potions
 i - a potion of magic
 l - 15 potions of curing
 s - 5 potions of cancellation
 C - 3 potions of invisibility
 I - 2 potions of haste
 N - a potion of might
 R - 3 potions of brilliance
 T - 2 potions of resistance
Miscellaneous
 b - a lightning rod (4/4)
 M - a condenser vane (inert)


   Skills:
 + Level 17.2 Fighting
 + Level 16.5 Maces & Flails
 - Level 11.6 Armour
 + Level 5.9 Dodging
 + Level 12.3 Shields
 - Level 5.0 Spellcasting
 + Level 16.0 Invocations
 - Level 6.0 Evocations


You had 26 spell levels left.
You knew the following spells:

 Your Spells              Type           Power      Damage    Failure   Level
a - Necrotise             Necr           4%         1d4       88%         1

Your spell library contained the following spells:

 Spells                   Type           Power      Damage    Failure   Level
 Beastly Appendage        Tmut           2%         N/A       88%         1
 Slow                     Hex            4%         N/A       88%         1
 Summon Small Mammal      Summ           4%         N/A       88%         1
 Blink                    Tloc           2%         N/A       96%         2
 Ensorcelled Hibernation  Hex/Ice        2%         N/A       96%         2
 Wereblood                Tmut           1%         N/A       96%         2
 Call Canine Familiar     Summ           1%         N/A       99%         3
 Dazzling Flash           Conj/Hex       2%         N/A       99%         3
 Lesser Beckoning         Tloc           1%         N/A       99%         3
 Spider Form              Tmut/Pois      1%         N/A       99%         3
 Summon Guardian Golem    Hex/Summ       1%         N/A       99%         3
 Tukima's Dance           Hex            1%         N/A       99%         3
 Vampiric Draining        Necr           1%         2d6       99%         3
 Anguish                  Hex/Necr       0%         N/A       100%        4
 Animate Dead             Necr           1%         N/A       100%        4
 Leda's Liquefaction      Hex/Erth       0%         N/A       100%        4
 Passage of Golubria      Tloc           1%         N/A       100%        4
 Agony                    Necr           1%         N/A       100%        5
 Blade Hands              Tmut           0%         N/A       100%        5
 Borgnjor's Vile Clutch   Necr/Erth      0%         N/A       100%        5
 Irradiate                Conj/Tmut      0%         3d11      100%        5
 Manifold Assault         Tloc           1%         N/A       100%        5
 Silence                  Hex/Air        0%         N/A       100%        5
 Yara's Violent Unravell  Hex/Tmut       0%         3d3       100%        5
 Death Channel            Necr           0%         N/A       100%        6
 Summon Cactus Giant      Summ           0%         N/A       100%        6
 Dragon Form              Tmut           0%         N/A       100%        7
 Lehudib's Crystal Spear  Conj/Erth      0%         10d2      100%        8


Dungeon Overview and Level Annotations

Branches:
Dungeon (11/15)            Temple (1/1) D:4            Lair (5/5) D:11
 Shoals (4/4) Lair:2        Snake (4/4) Lair:3        Slime (0/5) Lair:5
    Orc (2/2) D:10            Elf (0/3) Orc:2         Sewer (visited)
Ossuary (visited)

Altars:
Ashenzari
Cheibriados
Dithmenos
Elyvilon
Fedhas
Gozag
Hepliaklqana
Kikubaaqudgha
Makhleb
Nemelex Xobeh
Okawaru
Qazlal
Ru
Sif Muna
Trog
Uskayaw
Vehumet
Wu Jian
Xom
Yredelemnul
Zin
The Shining One
Jiyva

Shops:
Orc:2 :([[

Annotations:
D:10 6 runed translucent doors
Lair:2 2 transporters, turdburglar's ghost, journeyman GrEE
Lair:3 exclusion: 3 oklob plants
Shoals:4 exclusion: oklob plant


Innate Abilities, Weirdness & Mutations

You are immune to sickness and miasma.
Your stone body is resilient. (AC +13)
You are immune to poison.
Your large and strong wings let you fly.
You resist negative energy. (rN+)
You are resistant to electric shocks. (rElec)
You are resistant to unholy torment.
You are immune to petrification.


Message History

You barely miss the merfolk impaler.
The merfolk impaler is lightly wounded.
The satyr hits you from afar with a +4 spear of venom!
The wind drake flaps its wings at you. The air twists around and strikes you!
You block the merfolk javelineer's attack.
The merfolk impaler hits you with a +4 trident of freezing!
The merfolk impaler freezes you.
Aiming: Quicksilver Bolt
Press: ? - help, Shift-Dir - straight line, f - frost giant
Aim: a frost giant, wielding a +2 battleaxe of freezing (98% to hit)
The bolt of dispelling energy hits the merfolk impaler!!
The merfolk impaler is moderately wounded.
The bolt of dispelling energy hits the merfolk javelineer!
The merfolk javelineer is moderately wounded.
The bolt of dispelling energy hits the merfolk javelineer!
The merfolk javelineer is lightly wounded.
The bolt of dispelling energy hits the frost giant!
The frost giant is lightly wounded.
You block the satyr's attack. You block the merfolk impaler's attack.
The merfolk javelineer hits you from afar with a +2 spear of venom!
You block the merfolk impaler's attack. x2
The merfolk impaler hits you from afar with a +4 trident of freezing.
You block the merfolk impaler's attack.
The wind drake exhales a fierce blast of wind!
You are blown backwards!
The merfolk javelineer throws a silver javelin.
The silver javelin barely misses you.
The merfolk javelineer throws a silver javelin.
The silver javelin pierces through you! The wind drake flaps its wings at you.
The air twists around and strikes you!!
* * * LOW HITPOINT WARNING * * *
The merfolk javelineer throws a silver javelin.
The silver javelin pierces through you but does no damage.
* * * LOW HITPOINT WARNING * * *
The merfolk javelineer throws a silver javelin.
The silver javelin pierces through you!!
* * * LOW HITPOINT WARNING * * *
You die...

~......)(....~~≈~~~~~≈≈≈≈≈≈≈≈≈P..
..............~~~~~~~~~~~≈≈≈≈≈≈≈≈
..............~~~..~~~~~~~≈≈≈≈≈≈≈
.............~~~~~~~~..~~~~~~~P≈≈
.............~~~~~≈≈≈.~~~~~~~~~~≈
...............~~~≈≈≈≈~~~.....~~~
................~~≈≈≈≈~........~~
..P.............~~~≈≈≈~.........~
.P_P............@~~~~..........?~
............................~
.........~~..................
........~~~m................
##.....~~.~.~##.#..........
#....mk..#######..........
###.m.m### # #.##~.)......
##...~~# .≈. .##........ #..~~~##
.#. .~#~........


You could see 2 merfolk impalers, 2 merfolk javelineers and a wind drake (repels
missiles).

Vanquished Creatures
  2 quicksilver dragons (Snake:4)
  A nagaraja (Snake:4)
  Louise (Snake:1)
  A stone giant (Orc:2)
  A dire elephant (Lair:5)
  5 merfolk javelineers
  6 merfolk impalers
  2 boulder beetles
  A spectral kraken (Shoals:1)
  Fannar (Orc:1)
  A salamander tyrant (Snake:4)
  Erolcha (D:11)
  2 hydras (Lair:2)
  6 merfolk avatars
  An alligator snapping turtle (Shoals:4)
  A ghost crab (Shoals:1)
  9 anacondas
  2 ogre magi (Orc:2)
  2 merfolk aquamancers
  5 death yaks
  11 two-headed ogres
  11 naga warriors
  A satyr (Shoals:3)
  14 naga sharpshooters
  A skeletal warrior (D:11)
  6 shock serpents
  3 salamander mystics
  3 spectral death yaks (Lair:5)
  A spectral anaconda (Lair:5)
  2 deep trolls (Orc:2)
  6 sea snakes
  6 naga ritualists
  3 necromancers (Lair:5)
  9 harpies
  12 mana vipers
  The ghost of bchevrier the Charlatan, a novice GnWn of the Shining One (D:5)
  5 cyclopes
  3 fauns (Shoals:3)
  20 elephants
  An orc sorcerer (Orc:2)
  A spectral alligator snapping turtle (Shoals:1)
  7 salamanders
  8 manticores
  12 naga magi
  A dire elephant zombie (Lair:5)
  Joseph (D:8)
  The ghost of groovy9 the Skirmisher, a novice GrHu of Hepliaklqana (D:6)
  39 black mambas
  5 merfolk sirens
  5 water nymphs
  4 guardian serpents
  2 gargoyles (D:11)
  12 cane toads
  7 torpor snails
  7 komodo dragons
  Psyche (D:10)
  An efreet (D:11)
  A rime drake (Lair:1)
  2 spectral water nymphs (Shoals:1)
  33 merfolk
  A queen bee (D:11)
  7 wind drakes
  A polar bear (Lair:1)
  12 trolls
  10 dream sheep
  3 spectral elephants (Lair:5)
  5 snapping turtles
  A slime creature (D:11)
  8 blink frogs
  A jumping spider (D:10)
  A spectral merfolk (Shoals:1)
  4 water elementals
  2 spriggans (Lair:4)
  2 shadows (D:11)
  5 wraiths
  26 yaks
  2 death yak simulacra (Lair:5)
  5 basilisks
  A wyvern (D:10)
  3 redbacks (D:10)
  A steam dragon (D:9)
  10 vampire mosquitoes
  Menkaure (D:7)
  35 nagas
  3 spectral cane toads (Lair:5)
  3 acid dragons
  18 water moccasins
  Duvessa (D:5)
  3 orc warriors
  3 ice beasts
  2 sky beasts
  5 black bears
  2 elephant zombies (Lair:5)
  29 wolves
  18 ogres
  An elephant skeleton (Lair:5)
  3 centaurs
  2 kobold brigands
  A phantom (D:5)
  14 bullfrogs
  A necrophage (D:5)
  A gnoll sergeant (D:9)
  3 scorpions
  2 cane toad simulacra (Lair:5)
  An elf skeleton (D:6)
  Dowan (D:5)
  2 elephant simulacra (Lair:5)
  34 killer bees
  3 howler monkeys
  6 hounds
  A gnoll bouda (D:9)
  5 orc priests
  3 iguanas
  Crazy Yiuf (D:2)
  Jessica (D:2)
  Ijyb (D:4)
  12 orc wizards
  Robin (D:2)
  A mummy (Ossuary)
  15 gnolls
  12 adders
  A shadow imp (D:5)
  2 white imps
  6 worms
  2 dart slugs
  32 orcs
  12 ball pythons
  2 bats
  23 endoplasms
  26 giant cockroaches
  17 goblins
  7 hobgoblins
  13 jackals
  9 quokkas
  4 frilled lizards
  6 gnoll skeletons (Ossuary)
  16 kobolds
  4 kobold skeletons (Ossuary)
  19 orc skeletons
  An orc zombie (D:6)
  8 rats
  A butterfly (D:4)
  2 tentacles (Shoals:1)
895 creatures vanquished.

Vanquished Creatures (collateral kills)
  2 nagarajas
  A ghost crab (Shoals:1)
  An anaconda (Snake:4)
  A naga sharpshooter (Snake:3)
  A shock serpent (Snake:3)
  An obsidian statue (Lair:5)
  A salamander (Snake:4)
  7 guardian serpents
  A spectral water nymph (Shoals:1)
  3 nagas (Snake:4)
  A tentacle (Shoals:1)
20 creatures vanquished.

Vanquished Creatures (others)
  A naga sharpshooter (Snake:4)
  A shock serpent (Snake:4)
  A howler monkey (D:10)
  29 fungi
  69 plants
  8 tentacles (Shoals:1)
  38 withered plants
147 creatures vanquished.

Grand Total: 1062 creatures vanquished

Notes
Turn   | Place    | Note
-------+----------+-------------------------------------------
     0 | D:1      | jamesp the Gargoyle Fighter began the quest for the Orb.
     0 | D:1      | Reached XP level 1. HP: 14/14 MP: 1/1
   279 | D:1      | Reached XP level 2. HP: 19/19 MP: 2/2
   654 | D:1      | Reached XP level 3. HP: 15/24 MP: 3/3
   800 | D:1      | Found a faded altar of an unknown god.
  1374 | D:2      | Noticed Robin
  1380 | D:2      | HP: 1/24 [goblin/+0 club[Robin] (4)]
  1541 | D:2      | Killed Robin
  1542 | D:2      | Reached skill level 4 in Fighting
  1542 | D:2      | Reached XP level 4. HP: 29/29 MP: 4/4
  1614 | D:2      | Noticed Jessica
  1621 | D:2      | Killed Jessica
  1962 | D:2      | Found a runed translucent door.
  1963 | D:2      | Noticed Crazy Yiuf
  1971 | D:2      | Killed Crazy Yiuf
  1972 | D:2      | Reached XP level 5. HP: 20/33 MP: 5/5
  2597 | D:3      | Found a glowing drain.
  2658 | Sewer    | Entered a sewer
  2754 | Sewer    | Reached XP level 6. HP: 36/39 MP: 6/6
  3385 | Sewer    | Reached skill level 5 in Fighting
  3385 | Sewer    | Reached skill level 5 in Armour
  3385 | Sewer    | Reached skill level 5 in Shields
  3385 | Sewer    | Reached XP level 7. HP: 26/44 MP: 7/7
  4374 | D:4      | Found a staircase to the Ecumenical Temple.
  4390 | Temple   | Entered the Ecumenical Temple
  4521 | Temple   | Became a worshipper of Makhleb the Destroyer
  4555 | D:4      | Found a sparkling altar of Nemelex Xobeh.
  4689 | D:4      | Found a shimmering blue altar of Sif Muna.
  4785 | D:4      | Reached skill level 1 in Evocations
  4844 | D:4      | Noticed Ijyb
  4860 | D:4      | Killed Ijyb
  5409 | D:5      | Entered Level 5 of the Dungeon
  5608 | D:5      | Reached * piety under Makhleb
  5609 | D:5      | Reached XP level 8. HP: 38/49 MP: 8/8
  5806 | D:5      | Reached skill level 5 in Maces & Flails
  6105 | D:5      | Found a broken altar of Ashenzari.
  6206 | D:5      | Noticed Duvessa
  6206 | D:5      | Noticed Dowan
  6214 | D:5      | Killed Dowan
  6216 | D:5      | Killed Duvessa
  6476 | D:5      | Found a runed translucent door.
  6477 | D:5      | Noticed bchevrier's ghost (novice GnWn)
  6500 | D:5      | Killed bchevrier's ghost
  6501 | D:5      | Reached XP level 9. HP: 53/54 MP: 9/9
  6515 | D:5      | Found a runed translucent door.
  6724 | D:6      | Found a runed translucent door.
  6724 | D:6      | Noticed groovy9's ghost (novice GrHu)
  6828 | D:6      | Found a bloodstained altar of Trog.
  6828 | D:6      | Found a shimmering altar of Xom.
  6870 | D:6      | Found a sand-covered staircase.
  6878 | Ossuary  | Entered an ossuary
  6906 | Ossuary  | Reached ** piety under Makhleb
  7876 | D:6      | Killed groovy9's ghost
  8216 | D:7      | Reached skill level 5 in Evocations
  8238 | D:7      | Reached *** piety under Makhleb
  8350 | D:7      | Reached XP level 10. HP: 59/59 MP: 10/10
  8730 | D:7      | Noticed Menkaure
  8739 | D:7      | Killed Menkaure
  8935 | D:7      | Found a glowing silver altar of Zin.
  9267 | D:7      | Reached skill level 6 in Fighting
  9591 | D:8      | Noticed Joseph
  9593 | D:8      | Found a sacrificial altar of Ru.
  9613 | D:8      | Killed Joseph
 11101 | D:10     | Entered Level 10 of the Dungeon
 11127 | D:10     | Reached skill level 1 in Invocations
 11229 | D:10     | Reached skill level 7 in Fighting
 11297 | D:10     | Found a staircase to the Orcish Mines.
 11350 | D:10     | Found a runed translucent door.
 11356 | D:10     | Noticed Psyche
 11356 | D:10     | Paralysed by Psyche for 3 turns
 11363 | D:10     | Paralysed by Psyche for 4 turns
 11378 | D:10     | Killed Psyche
 11667 | D:9      | Reached XP level 11. HP: 67/67 MP: 13/13
 11728 | D:10     | Reached **** piety under Makhleb
 11806 | D:10     | Found the +8 whip "Snakebite" {venom, curare, rPois}
 11839 | D:10     | Found a runed translucent gate.
 11839 | D:10     | Found a runed translucent gate.
 11858 | D:10     | Found a runed translucent gate.
 11858 | D:10     | Found a runed translucent gate.
 11858 | D:10     | Found a runed translucent gate.
 11858 | D:10     | Noticed a lindwurm
 11859 | D:10     | Found a runed translucent gate.
 11859 | D:10     | Noticed a boulder beetle
 11861 | D:10     | HP: 3/68 [redback (5)]
 11954 | D:10     | Found the necklace of Bloodlust {*Rage Will++ Int-3 Slay+6}
 11977 | D:10     | Identified the +1 hat of Midnight {MP+9}
 12033 | Orc:1    | Entered Level 1 of the Orcish Mines
 12127 | Orc:1    | Noticed Fannar
 12152 | Orc:1    | Killed Fannar
 12153 | Orc:1    | Reached skill level 8 in Fighting
 12153 | Orc:1    | Reached skill level 10 in Armour
 12378 | D:11     | Noticed Erolcha
 12386 | D:11     | Killed Erolcha
 12415 | D:11     | Found a staircase to the Lair.
 12427 | Lair:1   | Entered Level 1 of the Lair of Beasts
 12531 | D:11     | Noticed a boulder beetle
 12543 | D:11     | Killed a boulder beetle
 12544 | D:11     | Reached skill level 5 in Invocations
 12882 | D:11     | Reached skill level 9 in Fighting
 12905 | D:11     | Noticed a two-headed ogre
 12909 | D:11     | Noticed a two-headed ogre
 12923 | D:11     | Killed a two-headed ogre
 12924 | D:11     | Reached XP level 12. HP: 76/76 MP: 16/16
 12943 | D:11     | Killed a two-headed ogre
 13047 | D:11     | Reached skill level 10 in Maces & Flails
 13139 | D:11     | Reached ***** piety under Makhleb
 13199 | D:11     | Noticed a two-headed ogre
 13211 | D:11     | Killed a two-headed ogre
 13339 | D:11     | Reached skill level 10 in Fighting
 14085 | Lair:1   | You fall into a shaft and drop 1 floor!
 14186 | Lair:1   | Found a snail-covered altar of Cheibriados.
 14258 | Lair:1   | Got Weddix's Compilation of Vexing Allies
 14559 | Lair:1   | Identified 2 scrolls of acquirement
 14559 | Lair:1   | Acquired the +10 tower shield of Ignorance {rN+ Int-4}
 14559 | Lair:1   | Found the +10 tower shield of Ignorance {rN+ Int-4}
 15116 | Lair:2   | Noticed an eight-headed hydra
 15137 | Lair:2   | Noticed a death yak
 15137 | Lair:2   | Noticed a death yak
 15137 | Lair:2   | Noticed a death yak
 15137 | Lair:2   | Noticed a death yak
 15138 | Lair:2   | Noticed a death yak
 15160 | Lair:1   | Killed a death yak
 15161 | Lair:1   | Reached XP level 13. HP: 84/84 MP: 16/19
 15721 | Lair:2   | Reached skill level 11 in Fighting
 16083 | Lair:2   | Identified the +0 robe of Dishonour {*Slow +Inv rElec
                  | rN+++}
 16210 | Lair:2   | Found a staircase to the Shoals.
 16595 | Lair:2   | Noticed turdburglar's ghost (journeyman GrEE)
 16597 | Lair:2   | Found a bloodstained altar of Trog.
 16613 | Lair:2   | Found a transporter.
 16616 | Lair:2   | Found a transporter.
 17184 | Lair:3   | Reached skill level 10 in Shields
 17595 | Lair:3   | Found a staircase to the Snake Pit.
 17653 | Lair:3   | Reached skill level 12 in Fighting
 17653 | Lair:3   | Reached skill level 10 in Invocations
 18379 | Lair:4   | Gained mutation: Your large and strong wings let you fly.
                  | [Gargoyle growth]
 18379 | Lair:4   | Reached XP level 14. HP: 92/92 MP: 15/21
 19229 | Lair:5   | Entered Level 5 of the Lair of Beasts
 19281 | Lair:5   | Reached ****** piety under Makhleb
 19776 | Lair:5   | Reached skill level 1 in Dodging
 19932 | Lair:5   | Found a viscous altar of Jiyva.
 19932 | Lair:5   | Found a staircase to the Slime Pits.
 20327 | Lair:5   | Noticed a dire elephant
 21013 | Lair:5   | Killed a dire elephant
 21228 | Lair:5   | Reached skill level 13 in Fighting
 22584 | Orc:2    | Entered Level 2 of the Orcish Mines
 22657 | Orc:2    | Found a staircase to the Elven Halls.
 22765 | Orc:2    | Noticed a stone giant
 22787 | Orc:2    | Killed a stone giant
 22837 | Orc:2    | Reached XP level 15. HP: 99/99 MP: 0/23
 23005 | Orc:2    | Found Cove's Book Boutique.
 23015 | Orc:2    | Found Mofem's Antique Armour Boutique.
 23019 | Orc:2    | Found Uqumeuc's Armour Shoppe.
 23221 | Orc:2    | Found Batsu's Antique Weapon Shop.
 23229 | Orc:2    | Bought a shimmering whip for 172 gold pieces
 23229 | Orc:2    | Identified the +2 whip "Luin" {vorpal, Dex+4} (You bought
                  | it in a shop on level 2 of the Orcish Mines)
 23316 | Orc:1    | You are sucked into a shaft and drop 1 floor!
 23825 | Snake:1  | Entered Level 1 of the Snake Pit
 23863 | Snake:1  | Reached skill level 14 in Fighting
 24282 | Snake:1  | Noticed Louise
 24298 | Snake:1  | Killed Louise
 25983 | Snake:2  | Reached skill level 15 in Fighting
 26010 | Snake:2  | Reached skill level 1 in Spellcasting
 26179 | Snake:2  | Reached XP level 16. HP: 99/108 MP: 16/26
 27096 | Snake:3  | Learned a level 1 spell: Necrotise
 27419 | Snake:3  | Reached skill level 15 in Maces & Flails
 27528 | Snake:3  | Identified the +5 scale mail of Sif Muna's Esteem {Regen+
                  | Dex+2}
 27724 | Snake:3  | Noticed a nagaraja
 27733 | Snake:3  | Killed a nagaraja
 28549 | Snake:4  | Entered Level 4 of the Snake Pit
 29014 | Snake:4  | Paralysed by a salamander for 5 turns
 29108 | Snake:4  | Reached skill level 16 in Fighting
 29288 | Snake:4  | Reached skill level 5 in Spellcasting
 29288 | Snake:4  | Noticed a quicksilver dragon
 29288 | Snake:4  | Noticed a nagaraja
 29298 | Snake:4  | Killed a quicksilver dragon
 29301 | Snake:4  | Killed a nagaraja
 29301 | Snake:4  | Noticed a nagaraja
 29317 | Snake:4  | Killed a nagaraja
 29340 | Snake:4  | Reached XP level 17. HP: 112/115 MP: 9/28
 29349 | Snake:4  | Reached skill level 15 in Invocations
 29378 | Snake:4  | Noticed a quicksilver dragon
 29386 | Snake:4  | Killed a quicksilver dragon
 29629 | Snake:4  | Got a serpentine rune of Zot
 30277 | Shoals:1 | Entered Level 1 of the Shoals
 32621 | Shoals:3 | Reached skill level 5 in Dodging
 33329 | Shoals:3 | Reached skill level 17 in Fighting
 33890 | Shoals:4 | Entered Level 4 of the Shoals
 33929 | Shoals:4 | Identified the +3 short sword of Egoz {vamp, rElec rF+
                  | Int+6 Stlth+}
 34080 | Shoals:4 | Identified the +9 great mace "Boisaikh" {venom, Will++
                  | Str-2 Int+4 SInv}
 34490 | Shoals:4 | Found a shadowy altar of Dithmenos.
 34684 | Shoals:4 | Reached XP level 18. HP: 118/123 MP: 15/30
 34766 | Shoals:4 | Identified the amulet "Jyfukom" {Reflect Str+4 SH+5 SInv}
 35114 | Shoals:4 | HP: 1/124 [merfolk javelineer/silver javelin (22)]
 35114 | Shoals:4 | Hit by a silver javelin thrown by a merfolk javelineer

Illustrated notes

Levels and vault maps discovered:
D:1:      kennysheep_arrival_seaside, layout_basic,
          shapermc_ecumenical_altar_acropolis, chequers_serial_rivers_large_a,
          serial_bayou_pond_a, supply_closet_lemuel, minmay_domino_4
D:2:      layout_loops_corners, fountainhead, uniq_robin, uniq_jessica,
          uniq_crazy_yiuf_cottage
D:3:      mumra_celtic_spiral_tile, layout_rooms, gup_sewer_entry_glass,
          minmay_misc_feat_nine_boxes
D:4:      layout_loops_cross, mainiacjoe_overflow_surrounded_room,
          lemuel_tele_altar, minmay_temple_entry_butterflies, uniq_ijyb
D:5:      layout_loops_ring, cheibrodos_ashenzari_chains, ebering_ghost_sewer_f,
          minmay_tree_intersection, uniq_duvessa
D:6:      layout_loops_cross, nicolae_overflow_two_pavilions,
          nicolae_ossuary_entry_catacombs, hellmonk_ghost_happy_afterlife,
          chequers_jeans
D:7:      layout_loops_ring, lemuel_coloured_pillars_altar, uniq_menkaure
D:8:      layout_gridville, nicolae_ru_path_of_blood, uniq_joseph
D:9:      layout_irregular_city
D:10:     gammafunk_indiana_jones, layout_cave_pools, uniq_psyche
D:11:     regret_index_bee_streams, layout_loops_corners, dpeg_oklobed_lair,
          minmay_misc_feat_roman, uniq_erolcha
Temple:   regret_index_temple_waves
Lair:1:   beast_lair_carwin_large_1, layout_cave_pods, serial_rivers,
          chequers_serial_rivers_room_a, chequers_serial_rivers_micro_e,
          chequers_serial_rivers_room_b, chequers_serial_rivers_micro_b,
          chequers_serial_rivers_micro_d, chequers_serial_rivers_micro_c,
          kennysheep_snail_temple
Lair:2:   layout_cave_pods, minmay_shoals_entry_lonely_mermaid,
          gammafunk_ghost_wrathful_warriors
Lair:3:   layout_long_grid, minmay_snake_entry_six_corridors, dpeg_oklob_1
Lair:4:   wad_woods_tower, layout_loops_ring, grunt_forest_stairs_basic
Lair:5:   due_jungle_book, layout_small_grid, slime_entry_1, grunt_megastairs_5
Shoals:1: layout_shoals, nicolae_shoals_spectral_cove
Shoals:2: layout_shoals
Shoals:3: layout_shoals, nicolae_shoals_flooded_hall
Shoals:4: shoals_end_grunt_ice, layout_shoals, lemuel_oklob_altar
Snake:1:  layout_honeycomb, uniq_louise
Snake:2:  layout_layer_cave
Snake:3:  layout_gridlike, nicolae_snake_shapes
Snake:4:  hellmonk_snake_rune_quicksilver_temple, layout_rooms
Orc:1:    layout_caves, uniq_fannar
Orc:2:    st_orc_open, layout_diamond_mine, basic_altar

Skill      XL: |  1  2  3  4  5  6  7  8  9 10 11 12 13 14 15 16 17 |
---------------+----------------------------------------------------+-----
Fighting       | 4 5 7 9 10 12 13 15 16 17 | 17.2
Armour         | 4 5 7 8 9 10 11 | 11.6
Shields        | 4 5 7 8 10 11 12 | 12.3
Maces & Flails | 3 4 6 7 8 9 11 12 13 14 15 16 | 16.5
Evocations     | 1 3 5 6 |  6.0
Invocations    | 2 6 8 10 11 13 14 16 | 16.0
Dodging        | 3 4 5 |  5.9
Spellcasting   | 1 5 |  5.0

Action                   |  1- 3 |  4- 6 |  7- 9 | 10-12 | 13-15 | 16-18 || total
-------------------------+-------+-------+-------+-------+-------+-------++-------
Melee: Flail             |   119 |   284 |   527 |   408 |       |       ||  1338
       Whip              |       |       |       |   533 |  1523 |  1544 ||  3600
Throw: Dart              |       |       |       |    17 |     3 |     6 ||    26
Invok: Minor Destruction |       |       |       |     2 |       |       ||     2
       Lesser Servant of |       |       |       |     2 |     3 |     1 ||     6
       Greater Servant o |       |       |       |       |       |     4 ||     4
Evoke: Wand              |       |       |     2 |     2 |     2 |     1 ||     7
       Lightning rod     |       |       |       |       |     1 |     6 ||     7
       Condenser vane    |       |       |       |       |     1 |     1 ||     2
  Use: Potion            |     1 |     2 |     1 |     7 |     1 |     1 ||    13
       Scroll            |       |       |    16 |    12 |     3 |     1 ||    32
 Stab: Distracted        |       |       |       |       |     1 |     4 ||     5
Armor: Scale mail        |    54 |   210 |     8 |       |       |    70 ||   342
       Skin              |     1 |       |       |       |       |       ||     1
       Plate armour      |       |       |   369 |   320 |       |       ||   689
       Acid dragon scale |       |       |       |   309 |   368 |    78 ||   755
       Quicksilver drago |       |       |       |       |       |   340 ||   340
Dodge: Dodged            |    48 |   161 |   149 |   333 |   225 |   309 ||  1225
       Repelled          |       |       |       |     5 |    11 |    28 ||    44
Block: Buckler           |    29 |    66 |   114 |   252 |       |       ||   461
       Tower shield      |       |       |       |    22 |  1734 |  1832 ||  3588
       Reflection        |       |       |       |       |       |     7 ||     7
